 Dungeon Crawl Stone Soup version 0.16-a0-2622-gbfab2ba (console) character file.

123 nht the Cudgeler (level 5, 0/81 HPs)
             Began as an Ogre Berserker on Nov 22, 2014.
             Was a Priest of Trog.
             Slain by Natasha (5 damage)
             ... on level 3 of the Dungeon.
             The game lasted 00:02:16 (2034 turns).

nht the Cudgeler (Ogre Berserker)                   Turns: 2034, Time: 00:02:16

Health: 0/81       AC:  3    Str: 28    XL:     5   Next: 7%
Magic:  5/5        EV: 10    Int:  6    God:    Trog [***...]
Gold:   112        SH:  0    Dex:  9    Spells: 0 memorised, 4 levels left

rFire  . . .     SeeInvis .     a - +0 mace
rCold  . . .     Clarity  .     b - +0 animal skin
rNeg   . . .     SustAb   .     (shield restricted)
rPois  .         Gourm    .     (helmet restricted)
rElec  .         Spirit   .     (no cloak)
rCorr  .         Warding  .     (gloves unavailable)
rMut   .         Stasis   .     (boots unavailable)
MR     .....                    (no amulet)
Stlth  ..........               (no ring)
                                k - ring of loudness (curse)

@: berserking (expiring), lethally poisoned, flying, very quick, not resistant
to hostile enchantments, extremely unstealthy
A: unfitting armour, tough skin 1
a: Burn Spellbooks, Berserk, Trog's Hand, Renounce Religion


You were on level 3 of the Dungeon.
You worshipped Trog.
Trog was most pleased with you.
You were very hungry.

You visited 1 branch of the dungeon, and saw 3 of its levels.

You collected 112 gold pieces.

Inventory:

Hand weapons
 a - a +0 mace (weapon)
Missiles
 d - 5 javelins (quivered)
 g - 3 poisoned tomahawks
Armour
 b - a +0 animal skin (worn)
Jewellery
 k - a cursed ring of loudness (left hand)
Scrolls
 e - a scroll of amnesia {unknown}
 i - a scroll of remove curse {unknown}
 n - a scroll of identify {unknown}
Comestibles
 c - 3 meat rations
 h - a royal jelly
 m - a bread ration


   Skills:
 - Level 4.0 Fighting
 + Level 7.4 Maces & Flails
 - Level 1.5 Armour
 - Level 1.7 Dodging


You had 4 spell levels left.
You didn't know any spells.

Dungeon Overview and Level Annotations

Branches:
Dungeon (3/15)

Altars:
Sif Muna
Trog
The Shining One

Annotations:
D:3 Natasha


Innate Abilities, Weirdness & Mutations

You are too large for most types of armour.
You have tough skin (AC +1).


Message History

You kill the kobold!
Trog accepts your kill.
You sock the rat!
You kill the rat!
Trog accepts your kill.
You feel sick.
Natasha casts a spell.
You completely miss the gnoll.
The gnoll hits you from afar with a spear.
* * * LOW HITPOINT WARNING * * *
You completely miss the gnoll. The gnoll misses you.
You thump the gnoll!
You kill the gnoll!
Trog accepts your kill.
You have reached level 5!
You feel sick.
The gnoll hits you from afar with a spear!
* * * LOW HITPOINT WARNING * * *
Natasha claws you.
You die...

... █..... █...... █
█....... ...
......... ....
█........ .....
█........
.......███g5.......
........(@gb........
██████████hg.....?...
██████55..........
█....█............
█....█............
█....█..)......[...
█....█..(†.........
█....█......h...[..
█....█.............
█....█..?...[.....
█....█............


You could see 2 iron imps, Natasha, 3 gnolls, a crimson imp and a bat.

Vanquished Creatures
  Natasha (D:3)
  A gnoll (D:3)
  3 adders (D:3)
  3 worms (D:2)
  An orc (D:3)
  4 bats
  5 giant cockroaches
  6 goblins (D:1)
  6 hobgoblins
  A quokka (D:3)
  3 giant geckos
  2 giant newts (D:2)
  4 kobolds
  7 rats
47 creatures vanquished.

Vanquished Creatures (others)
  A kobold (D:3)
1 creature vanquished.

Grand Total: 48 creatures vanquished

Notes
Turn   | Place    | Note
--------------------------------------------------------------
     0 | D:1      | nht, the Ogre Berserker, began the quest for the Orb.
     0 | D:1      | Reached XP level 1. HP: 24/24 MP: 1/1
   303 | D:1      | Reached XP level 2. HP: 26/32 MP: 2/2
   452 | D:1      | Reached skill level 5 in Maces & Flails
   501 | D:1      | Acquired Trog's second power
  1088 | D:2      | Reached XP level 3. HP: 28/39 MP: 3/3
  1387 | D:2      | Reached skill level 6 in Maces & Flails
  1449 | D:2      | Found a bloodstained altar of Trog.
  1577 | D:2      | Found a glowing golden altar of the Shining One.
  1745 | D:2      | Found a deep blue altar of Sif Muna.
  1863 | D:3      | Reached XP level 4. HP: 34/48 MP: 4/4
  1976 | D:3      | Noticed Natasha
  1986 | D:3      | Killed Natasha
  1986 | D:3      | Reached skill level 7 in Maces & Flails
  1993 | D:3      | Noticed Natasha
  2008 | D:3      | fuck this retard unique
  2033 | D:3      | Reached XP level 5. HP: 14/54 MP: 5/5
  2034 | D:3      | Slain by Natasha

Action                   |  1- 3 |  4- 6 || total
-------------------------+-------+-------++-------
Melee: Mace              |   132 |    30 ||   162
Invok: Berserk           |     2 |     2 ||     4
       Trog's Hand       |       |     1 ||     1
  Use: Potion            |       |     3 ||     3
  Eat: Chunk             |     5 |     1 ||     6
